SA
SYRACUSE STORM @ GWINNETT COUNTY BLACK CATS
05/06/2034
 
TOP OF THE 1ST
Syracuse Storm batting - Pitching for Gwinnett County Black Cats : RHP Víctor Deleón
Pitching: RHP Víctor Deleón
Batting: LHB Mitchell Pate 0-0: DOUBLE (Line Drive, 7LM)
Batting: RHB Sadakuno Hashimoto 0-0: Ground out 6-3 (Groundball, 6)
Mitchell Pate to third
Batting: LHB Tom Burton 0-0: Ball
1-0: Foul Ball, location: 2F
1-1: Ball
2-1: Ball
3-1: Foul Ball, location: 2F
3-2: DOUBLE (Line Drive, 9LM)
Mitchell Pate scores
Batting: RHB Dale Goodman 0-0: Called Strike
0-1: TRIPLE (Flyball, 9D)
Tom Burton scores
Batting: LHB Seung-min Sin 0-0: Ball
1-0: Ball
2-0: Ball
3-0: Called Strike
3-1: Ground out 4-3 (Groundball, 4)
Dale Goodman scores
Batting: RHB Adrián Medina 0-0: Ground out 4-3 (Groundball, 34)
Top of the 1st over - 3 runs, 3 hits, 0 errors, 0 left on base; Syracuse 3 - Gwinnett County 0
BOTTOM OF THE 1ST
Gwinnett County Black Cats batting - Pitching for Syracuse Storm : RHP José Colón
Pitching: RHP José Colón
Batting: LHB Peter Middleton 0-0: Ball
1-0: Ball
2-0: Ball
3-0: Called Strike
3-1: Foul Ball, location: 2F
3-2: Strikes out swinging
Batting: RHB Daniel Divina 0-0: Ball
1-0: Ball
2-0: Foul Ball, location: 2F
2-1: Swinging Strike
2-2: Hit by Pitch
Batting: RHB Wade Tazewell 0-0: Foul Ball, location: 2F
0-1: Foul Ball, location: 2F
0-2: Foul Ball, location: 2F
0-2: Foul Ball, location: 2F
0-2: Ball
1-2: Strikes out looking
Batting: LHB Dean Jackson 0-0: SINGLE (Groundball, 4D)
Daniel Divina to second
Runner from 2nd tries for 3rd, SAFE, no throw
Batting: RHB Lex van Esch 0-0: Called Strike
0-1: Foul Ball, location: 2F
0-2: Ball
1-2: Strikes out swinging
Bottom of the 1st over - 0 runs, 1 hit, 0 errors, 2 left on base; Syracuse 3 - Gwinnett County 0
TOP OF THE 2ND
Syracuse Storm batting - Pitching for Gwinnett County Black Cats : RHP Víctor Deleón
Batting: RHB Nelson Morán 0-0: Ball
1-0: Fly out, F8 (Line Drive, 8LM)
Batting: SHB Franck Kooijmans 0-0: Ball
1-0: Called Strike
1-1: SINGLE (Groundball, 3S) (infield hit)
Batting: RHB Miguel Román 0-0: Ball
1-0: SINGLE (Line Drive, 78S)
Franck Kooijmans to second
Batting: LHB Mitchell Pate 0-0: Swinging Strike
0-1: Swinging Strike
0-2: Ball
1-2: Foul Ball, location: 2F
1-2: Reached on error, E4 (Flyball, 34D)
Franck Kooijmans to third
Miguel Román to second
Batting: RHB Sadakuno Hashimoto 0-0: Foul Ball, location: 2F
0-1: Ball
1-1: Fly out, F9 (Flyball, 9)
Runner from 3rd tags up, SCORES, no throw
Batting: LHB Tom Burton 0-0: Called Strike
0-1: Ground out 4-3 (Groundball, 4)
Top of the 2nd over - 1 run, 2 hits, 1 error, 2 left on base; Syracuse 4 - Gwinnett County 0
BOTTOM OF THE 2ND
Gwinnett County Black Cats batting - Pitching for Syracuse Storm : RHP José Colón
Batting: LHB Jon Ellender 0-0: Called Strike
0-1: SINGLE (Groundball, 6MD)
Batting: RHB Curt Taylor 0-0: Called Strike
0-1: Ball
1-1: Ball
2-1: Fly out, F8 (Flyball, 8RD)
Batting: RHB Charles Josse 0-0: Ball
1-0: Called Strike
1-1: Foul Ball, location: 2F
1-2: Ball
2-2: Grounds into double play, 6-4-3 (Groundball, 6D)
Bottom of the 2nd over - 0 runs, 1 hit, 0 errors, 0 left on base; Syracuse 4 - Gwinnett County 0
TOP OF THE 3RD
Syracuse Storm batting - Pitching for Gwinnett County Black Cats : RHP Víctor Deleón
Batting: RHB Dale Goodman 0-0: Fly out, F9 (Flyball, 9)
Batting: LHB Seung-min Sin 0-0: Ball
1-0: Ball
2-0: Ball
3-0: Base on Balls
Batting: RHB Adrián Medina 0-0: Foul Ball, location: 2F
0-1: SINGLE (Line Drive, 6)
Seung-min Sin to second
Batting: RHB Nelson Morán 0-0: Ball
1-0: Fly out, F4 (Popup, 23)
Batting: SHB Franck Kooijmans 0-0: Ball
1-0: Foul Ball, location: 2F
1-1: Reached on error, E8 (Flyball, 8RM)
Seung-min Sin scores
Adrián Medina to third
Batting: RHB Miguel Román 0-0: Ball
1-0: Called Strike
1-1: Ball
2-1: SINGLE (Groundball, 56) (infield hit)
Adrián Medina scores
Franck Kooijmans to third
Batting: LHB Mitchell Pate 0-0: Called Strike
0-1: Foul Ball, location: 2F
0-2: Strikes out swinging
Top of the 3rd over - 2 runs, 2 hits, 1 error, 2 left on base; Syracuse 6 - Gwinnett County 0
BOTTOM OF THE 3RD
Gwinnett County Black Cats batting - Pitching for Syracuse Storm : RHP José Colón
Batting: SHB Javier Murillo 0-0: Foul Ball, location: 2F
0-1: Swinging Strike
0-2: Foul Ball, location: 2F
0-2: Ground out 4-3 (Groundball, 4D)
Batting: LHB Peter Middleton 0-0: Ball
1-0: Ball
2-0: DOUBLE (Line Drive, 9D)
Batting: RHB Daniel Divina 0-0: Fly out, F6 (Popup, 6M)
Batting: RHB Wade Tazewell 0-0: Foul Ball, location: 2F
0-1: SINGLE (Groundball, 56D)
Peter Middleton to third
Runner from 3rd tries for Home, SAFE, no throw
Batting: LHB Dean Jackson 0-0: Foul Ball, location: 2F
0-1: Ball
1-1: Ball
2-1: Foul Ball, location: 2F
2-2: Ball
3-2: Foul Ball, location: 2F
3-2: Foul Ball, location: 2F
3-2: Base on Balls
Wade Tazewell to second
Batting: RHB Lex van Esch 0-0: Fielders Choice at 2nd, 6-4 (Groundball, 56)
Bottom of the 3rd over - 1 run, 2 hits, 0 errors, 2 left on base; Syracuse 6 - Gwinnett County 1
TOP OF THE 4TH
Syracuse Storm batting - Pitching for Gwinnett County Black Cats : RHP Víctor Deleón
Batting: RHB Sadakuno Hashimoto 0-0: Ball
1-0: Ball
2-0: Swinging Strike
2-1: Foul Ball, location: 2F
2-2: Ball
3-2: Base on Balls
Batting: LHB Tom Burton 0-0: Called Strike
0-1: SINGLE (Line Drive, 6M)
Sadakuno Hashimoto to second
Batting: RHB Dale Goodman 0-0: Foul Ball, location: 2F
0-1: Ball
1-1: Swinging Strike
1-2: Foul Ball, location: 2F
1-2: Ball
2-2: Grounds into double play, 6-4-3 (Groundball, 6)
Sadakuno Hashimoto to third
Batting: LHB Seung-min Sin 0-0: Ball
1-0: Ball
2-0: Swinging Strike
2-1: Ball
3-1: Ground out 1-3 (Groundball, P)
Top of the 4th over - 0 runs, 1 hit, 0 errors, 1 left on base; Syracuse 6 - Gwinnett County 1
BOTTOM OF THE 4TH
Gwinnett County Black Cats batting - Pitching for Syracuse Storm : RHP José Colón
Batting: LHB Jon Ellender 0-0: Ball
1-0: Ball
2-0: Ball
3-0: Base on Balls
Batting: RHB Curt Taylor 0-0: Ball
1-0: Foul Ball, location: 2F
1-1: Ball
2-1: Grounds into double play, 4-6-3 (Groundball, 4)
Batting: RHB Charles Josse 0-0: Ball
1-0: Called Strike
1-1: Fly out, F5 (Flyball, 56D)
Bottom of the 4th over - 0 runs, 0 hits, 0 errors, 0 left on base; Syracuse 6 - Gwinnett County 1
TOP OF THE 5TH
Syracuse Storm batting - Pitching for Gwinnett County Black Cats : RHP Víctor Deleón
Batting: RHB Adrián Medina 0-0: Ball
1-0: Foul Ball, location: 2F
1-1: Foul Ball, location: 2F
1-2: Foul Ball, location: 2F
1-2: Reached on error, E4 (Groundball, 34)
Batting: RHB Nelson Morán 0-0: Ball
1-0: Called Strike
1-1: Ball
Wild Pitch!
Adrián Medina to second
2-1: Foul Ball, location: 2F
2-2: Ball
3-2: Base on Balls
Batting: SHB Franck Kooijmans 0-0: Fielders Choice at 2nd, 3-6 (Groundball, 3)
Adrián Medina to third
Batting: RHB Miguel Román 0-0: Fielders Choice at 2nd, 4-6 (Groundball, 4M)
Adrián Medina scores
Batting: LHB Mitchell Pate 0-0: Called Strike
Miguel Román steals 2nd base
0-1: Foul Ball, location: 2F
0-2: Ball
1-2: Fly out, F8 (Flyball, 8RS)
Top of the 5th over - 1 run, 0 hits, 1 error, 1 left on base; Syracuse 7 - Gwinnett County 1
BOTTOM OF THE 5TH
Gwinnett County Black Cats batting - Pitching for Syracuse Storm : RHP José Colón
Batting: SHB Javier Murillo 0-0: Foul Ball, location: 2F
0-1: Fly out, F9 (Flyball, 89M)
Batting: LHB Peter Middleton 0-0: Ball
1-0: Ball
2-0: Called Strike
2-1: Called Strike
2-2: Strikes out swinging
Batting: RHB Daniel Divina 0-0: Ball
1-0: Foul Ball, location: 2F
1-1: Ball
2-1: Ground out 5-3 (Groundball, 56)
Bottom of the 5th over - 0 runs, 0 hits, 0 errors, 0 left on base; Syracuse 7 - Gwinnett County 1
TOP OF THE 6TH
Syracuse Storm batting - Pitching for Gwinnett County Black Cats : RHP Víctor Deleón
Pitching: RHP Ryan Smart
Batting: RHB Sadakuno Hashimoto 0-0: Ball
1-0: SOLO HOME RUN (Flyball, 89XD), Distance : 424 ft
Batting: LHB Tom Burton 0-0: Swinging Strike
0-1: Ball
1-1: Called Strike
1-2: Foul Ball, location: 2F
1-2: Ball
2-2: Foul Ball, location: 2F
2-2: SINGLE (Line Drive, 6MD)
Batting: RHB Dale Goodman 0-0: SINGLE (Line Drive, 7S)
Tom Burton to second
Batting: LHB Seung-min Sin 0-0: Ball
1-0: Ground out 5-3 (Groundball, 56S)
Tom Burton to third
Dale Goodman to second
Batting: RHB Adrián Medina 0-0: Ground out 4-3 (Groundball, 4)
Tom Burton scores
Dale Goodman to third
Batting: RHB Nelson Morán 0-0: Called Strike
0-1: Foul Ball, location: 2F
0-2: Foul Ball, location: 2F
0-2: Ball
1-2: Hit by Pitch
Batting: SHB Franck Kooijmans 0-0: Ball
1-0: Foul Ball, location: 2F
1-1: Ball
2-1: Ball
3-1: Called Strike
3-2: Base on Balls
Nelson Morán to second
Batting: RHB Miguel Román 0-0: Fielders Choice at 2nd, 6-4 (Groundball, 6)
Top of the 6th over - 2 runs, 3 hits, 0 errors, 3 left on base; Syracuse 9 - Gwinnett County 1
BOTTOM OF THE 6TH
Gwinnett County Black Cats batting - Pitching for Syracuse Storm : RHP José Colón
Batting: RHB Wade Tazewell 0-0: Called Strike
0-1: Ball
1-1: Foul Ball, location: 2F
1-2: Ball
2-2: Ball
3-2: Ground out 4-3 (Groundball, 4)
Batting: LHB Dean Jackson 0-0: Ball
1-0: Called Strike
1-1: SINGLE (Line Drive, 8RS)
Batting: RHB Lex van Esch 0-0: Ball
1-0: Ball
2-0: Fly out, F8 (Flyball, 78M)
Batting: LHB Jon Ellender 0-0: Ball
1-0: Ball
2-0: Foul Ball, location: 2F
2-1: Swinging Strike
2-2: Ball
3-2: Foul Ball, location: 2F
3-2: Foul Ball, location: 2F
3-2: Base on Balls
Dean Jackson to second
Batting: RHB Curt Taylor 0-0: Ball
1-0: Called Strike
1-1: Ball
2-1: Foul Ball, location: 2F
2-2: Ball
3-2: Strikes out swinging
Bottom of the 6th over - 0 runs, 1 hit, 0 errors, 2 left on base; Syracuse 9 - Gwinnett County 1
TOP OF THE 7TH
Syracuse Storm batting - Pitching for Gwinnett County Black Cats : RHP Ryan Smart
Batting: LHB Mitchell Pate 0-0: Ball
1-0: Ball
2-0: Foul Ball, location: 2F
2-1: SINGLE (Flyball, 8RS)
Batting: RHB Sadakuno Hashimoto 0-0: Ball
1-0: Ball
2-0: DOUBLE (Flyball, 89D)
Mitchell Pate to third
Batting: LHB Tom Burton 0-0: Ball
1-0: Ball
2-0: Called Strike
2-1: Called Strike
2-2: Ball
3-2: Fly out, F8 (Flyball, 89XD)
Runner from 3rd tags up, SCORES, no throw
Sadakuno Hashimoto to third
Batting: RHB Dale Goodman 0-0: Ball
1-0: Called Strike
1-1: Foul Ball, location: 2F
1-2: Strikes out swinging
Batting: LHB Seung-min Sin 0-0: Called Strike
0-1: Foul Ball, location: 2F
0-2: Ball
1-2: Ball
2-2: Ball
3-2: Fly out, F9 (Flyball, 9LS)
Top of the 7th over - 1 run, 2 hits, 0 errors, 1 left on base; Syracuse 10 - Gwinnett County 1
BOTTOM OF THE 7TH
Gwinnett County Black Cats batting - Pitching for Syracuse Storm : RHP José Colón
Batting: RHB Charles Josse 0-0: Ball
1-0: Ball
2-0: Swinging Strike
2-1: Foul Ball, location: 2F
2-2: Strikes out swinging
Batting: SHB Javier Murillo 0-0: Swinging Strike
0-1: Ball
1-1: Foul Ball, location: 2F
1-2: Foul Ball, location: 2F
1-2: Ball
2-2: Strikes out swinging
Batting: LHB Peter Middleton 0-0: Ball
1-0: Ball
2-0: Fly out, F8 (Flyball, 8RD)
Bottom of the 7th over - 0 runs, 0 hits, 0 errors, 0 left on base; Syracuse 10 - Gwinnett County 1
TOP OF THE 8TH
Syracuse Storm batting - Pitching for Gwinnett County Black Cats : RHP Ryan Smart
Batting: RHB Adrián Medina 0-0: Ball
1-0: Swinging Strike
1-1: Foul Ball, location: 2F
1-2: SINGLE (Line Drive, 56D)
Batting: RHB Nelson Morán 0-0: Fly out, F8 (Flyball, 78D)
Batting: SHB Franck Kooijmans 0-0: Ball
1-0: Ball
2-0: Foul Ball, location: 2F
2-1: Foul Ball, location: 2F
2-2: Fly out, F4 (Popup, 4D)
Batting: RHB Miguel Román 0-0: Ball
1-0: Called Strike
1-1: Ball
2-1: Ball
3-1: Foul Ball, location: 2F
3-2: Ground out 4-3 (Groundball, 4)
Top of the 8th over - 0 runs, 1 hit, 0 errors, 1 left on base; Syracuse 10 - Gwinnett County 1
BOTTOM OF THE 8TH
Gwinnett County Black Cats batting - Pitching for Syracuse Storm : RHP José Colón
Pitching: RHP Víctor Rodríguez
Now at 1B: Francis Osborne
Batting: RHB Daniel Divina 0-0: Foul Ball, location: 2F
0-1: Ball
1-1: Foul Ball, location: 2F
1-2: SINGLE (Groundball, 56D)
Batting: RHB Wade Tazewell 0-0: Foul Ball, location: 2F
0-1: Ball
1-1: Ball
2-1: SINGLE (Groundball, 4MD)
Daniel Divina to second
Runner from 2nd tries for 3rd, SAFE, no throw
Batting: LHB Dean Jackson 0-0: Ball
1-0: Called Strike
1-1: Ground out 4-3 (Groundball, 4S)
Daniel Divina scores
Wade Tazewell to second
Batting: RHB Lex van Esch 0-0: Foul Ball, location: 2F
0-1: Called Strike
0-2: Ball
1-2: Strikes out looking
Batting: LHB Jon Ellender 0-0: Swinging Strike
0-1: Ground out 4-3 (Groundball, 4)
Bottom of the 8th over - 1 run, 2 hits, 0 errors, 1 left on base; Syracuse 10 - Gwinnett County 2
TOP OF THE 9TH
Syracuse Storm batting - Pitching for Gwinnett County Black Cats : RHP Ryan Smart
Batting: LHB Mitchell Pate 0-0: Called Strike
0-1: Foul Ball, location: 2F
0-2: Ball
1-2: Fly out, F9 (Line Drive, 9D)
Batting: RHB Sadakuno Hashimoto 0-0: Ball
1-0: Called Strike
1-1: Called Strike
1-2: Strikes out looking
Batting: LHB Tom Burton 0-0: Ground out 4-3 (Groundball, 4)
Top of the 9th over - 0 runs, 0 hits, 0 errors, 0 left on base; Syracuse 10 - Gwinnett County 2
BOTTOM OF THE 9TH
Gwinnett County Black Cats batting - Pitching for Syracuse Storm : RHP Víctor Rodríguez
Now in LF: José García
Batting: RHB Curt Taylor 0-0: Ball
1-0: Called Strike
1-1: Ball
2-1: Swinging Strike
2-2: Fly out, F5 (Line Drive, 5)
Batting: RHB Charles Josse 0-0: Ball
1-0: SINGLE (Line Drive, 4M)
Batting: SHB Javier Murillo 0-0: Called Strike
0-1: Swinging Strike
0-2: Ball
1-2: Strikes out swinging
Batting: LHB Peter Middleton 0-0: Foul Ball, location: 2F
0-1: Foul Ball, location: 2F
0-2: Fly out, F8 (Flyball, 8RS)
Bottom of the 9th over - 0 runs, 1 hit, 0 errors, 1 left on base; Syracuse 10 - Gwinnett County 2
Friday, March 29th, 2019 - OOTP Baseball 18.8 Build 76